 Dungeon Crawl Stone Soup version 0.21.0 (webtiles) character file.

9093 inmateoo the Grappler (level 11, -11/85 (86) HPs)
             Began as a Barachi Wizard on Jan 7, 2018.
             Was a Priest of Cheibriados.
             Mangled by a skeletal warrior
             ... wielding a +1 scimitar of protection
             ... led by a skeletal warrior
              (21 damage)
             ... on level 12 of the Dungeon.
             The game lasted 00:28:07 (12022 turns).

inmateoo the Grappler (Barachi Wizard)             Turns: 12022, Time: 00:28:08

HP:   -11/85 (86)   AC:  8    Str: 24    XL:     11   Next: 41%
MP:   15/15         EV: 14    Int: 27    God:    Cheibriados [***...]
Gold: 173           SH:  0    Dex: 18    Spells: 8/16 levels left

rFire    . . .     SeeInvis .     - Unarmed
rCold    . . .     Gourm    .   (no shield)
rNeg     . . .     Faith    .   D - +0 steam dragon scales
rPois    .         Spirit   .   l - +0 helmet
rElec    .         Reflect  .   (no cloak)
rCorr    .         Harm     .   (no gloves)
MR       +....                  b - +0 pair of boots
Stlth    ++........             m - amulet of regeneration
HPRegen  0.64/turn              h - +4 ring of strength
MPRegen  0.14/turn              x - ring of protection from magic

@: lethally poisoned (-11 -> -12), can't hop, very slightly contaminated,
invisible, very slow
A: +LOS, swims, slowness 1, strong legs 1
a: Hop, Bend Time, Temporal Distortion, Renounce Religion


You were on level 12 of the Dungeon.
You worshipped Cheibriados.
Cheibriados was most pleased with you.
You were not hungry.

You visited 2 branches of the dungeon, and saw 14 of its levels.
You also visited: Sewer.

You collected 548 gold pieces.
You spent 375 gold pieces at shops.

Inventory:

Hand Weapons
 o - a +3 hand axe of electrocution
Armour
 b - a +0 pair of boots (worn)
 i - a +0 scale mail
 l - a +0 helmet (worn)
 y - a +0 chain mail
 D - +0 steam dragon scales (worn)
Magical Staves
 B - an uncursed staff of fire
Jewellery
 h - a +4 ring of strength (left hand)
 m - an amulet of regeneration (around neck)
 p - a +3 ring of intelligence
 v - a +3 ring of dexterity
 x - a ring of protection from magic (right hand)
 F - a +3 ring of intelligence
Wands
 C - a wand of polymorph (2)
Scrolls
 a - a scroll of fog
 j - 3 scrolls of amnesia
 u - 6 scrolls of remove curse
Potions
 e - a potion of ambrosia
 f - 2 potions of brilliance
 g - a potion of lignification
 k - a potion of mutation
 n - 3 potions of curing
 q - a potion of might
 r - 3 potions of magic
 w - a potion of heal wounds {unknown}
 z - 3 potions of flight
Books
 c - a book of Minor Magic

   Spells                             Type                      Level
   a - Magic Dart                     Conjuration                  1
   b - Blink                          Translocation                2
   c - Call Imp                       Summoning                    2
   d - Slow                           Hexes                        2
   e - Conjure Flame                  Conjuration/Fire             3
   f - Mephitic Cloud                 Conjuration/Poison/Air       3
Miscellaneous
 E - a fan of gales (inert)
Comestibles
 d - 9 rations


   Skills:
 - Level 8.0 Fighting
 - Level 4.3 Armour
 - Level 4.0 Dodging
 - Level 1.7 Stealth
 * Level 14.9 Unarmed Combat
 - Level 3.2 Spellcasting
 - Level 1.1 Conjurations
 - Level 1.2 Summonings
 - Level 1.1 Translocations
 + Level 4.5 Invocations


You had 8 spell levels left.
You knew the following spells:

 Your Spells              Type           Power        Failure   Level  Hunger
a - Magic Dart            Conj           ##..         5%          1    None
b - Call Imp              Summ           ##......     8%          2    #......
c - Blink                 Tloc           N/A          9%          2    #......
d - Mephitic Cloud        Conj/Pois/Air  #.......     22%         3    ###....


Dungeon Overview and Level Annotations

Branches:
Dungeon (13/15)            Temple (1/1) D:7             Orc (0/2) D:10
   Lair: D:8-11      Vaults: D:13-14

Altars:
Cheibriados
Dithmenos
Elyvilon
Hepliaklqana
Ru
Uskayaw
Yredelemnul
The Shining One

Shops:
D:6 %   D:10 =

Annotations:
D:7 inmateoo's ghost, novice BaHu
D:8 exclusion: ice statue


Innate Abilities, Weirdness & Mutations

Shadows flee at your approach. (+LOS)
You can swim through water.
You cover ground slowly.
You can hop short distances.


Message History

There is a stone staircase leading down here.
Okay, then.
You fade into invisibility!
You feel sick.
You are confused.
You feel invigorated.
The skeletal warrior completely misses you.
You closely miss the skeletal warrior.
You feel sick. The skeletal warrior barely misses you.
You feel sick.
You feel less invigorated.
You feel less confused.
You feel sick.
The skeletal warrior hits you with a scimitar of protection!
* * * LOW HITPOINT WARNING * * *
You feel sick.
The skeletal warrior hits you with a scimitar of protection!
* * * LOW HITPOINT WARNING * * *
The skeletal warrior hits you with a scimitar of protection!!
You die...

#...#
#...#
#...#
#...#
#>..#
#...#
#...#
#z..#
#@..#
#####


You could see a skeletal warrior.

Vanquished Creatures
  3 two-headed ogres
  An ugly thing (D:11)
  A deep elf mage (D:12)
  Joseph (D:10)
  A centaur skeleton (D:10)
  A komodo dragon (D:11)
  A hornet (D:10)
  2 hippogriffs
  A wyvern (D:10)
  2 yaks (D:7)
  2 steam dragons
  2 vampire mosquitoes (D:13)
  An orc warrior (D:10)
  3 sky beasts
  A black bear (D:11)
  An eye of draining (D:9)
  2 necrophages
  2 ogres
  A phantom (D:9)
  5 centaurs
  A big kobold (Sewer)
  A bullfrog (D:10)
  A scorpion (D:10)
  5 killer bees
  7 wights
  3 howler monkeys
  5 electric eels (D:10)
  3 crimson imps
  A centaur zombie (D:5)
  A quasit (D:5)
  3 orc priests
  3 hounds
  3 jellies
  3 orc wizards (D:10)
  An iguana (D:9)
  5 worker ants
  A worker ant zombie (D:5)
  A howler monkey zombie (D:10)
  10 adders
  A river rat (D:10)
  2 shadow imps
  2 oozes
  An adder zombie (D:5)
  2 adder skeletons
  3 worms
  2 dart slugs
  A leopard gecko (D:3)
  30 orcs
  3 bats
  5 giant cockroaches
  6 goblins
  8 hobgoblins
  2 jackals
  7 quokkas
  A ball python (D:5)
  4 frilled lizards
  A giant cockroach zombie (D:6)
  A jackal skeleton (D:5)
  12 kobolds
  A leopard gecko skeleton (D:5)
  10 rats
197 creatures vanquished.

Vanquished Creatures (collateral kills)
  A gargoyle (D:10)
  A yak (Temple)
  A water moccasin (D:9)
  A sky beast (D:5)
  2 necrophages
  3 ogres
  A big kobold (D:7)
  A gnoll sergeant (D:5)
  2 scorpions
  A killer bee (D:9)
  A howler monkey (D:4)
  A centaur skeleton (D:6)
  The ghost of inmateoo the Chucker, a weakling BaHu (D:3)
  2 adders
  4 gnolls
  2 worms
  A dart slug (D:3)
  3 leopard geckos (D:4)
  3 orcs
  A ball python (D:5)
  A giant cockroach (D:3)
  2 goblins
  3 hobgoblins
  3 jackals
  A bat (D:1)
  A frilled lizard (D:1)
  7 kobolds
  A butterfly (Temple)
52 creatures vanquished.

Vanquished Creatures (others)
  A wight (D:12)
  2 fungi (D:8)
  15 plants
18 creatures vanquished.

Grand Total: 267 creatures vanquished

Notes
Turn   | Place    | Note
-------+----------+-------------------------------------------
     0 | D:1      | inmateoo the Barachi Wizard began the quest for the Orb.
     0 | D:1      | Reached XP level 1. HP: 13/13 MP: 4/4
    63 | D:1      | Reached skill level 1 in Unarmed Combat
   286 | D:1      | Reached XP level 2. HP: 14/19 MP: 4/6
   319 | D:1      | Reached skill level 2 in Unarmed Combat
   695 | D:1      | Learned a level 2 spell: Call Imp
   943 | D:1      | Reached XP level 3. HP: 24/24 MP: 5/7
   981 | D:1      | Reached skill level 3 in Unarmed Combat
  1492 | D:2      | Learned a level 2 spell: Blink
  1496 | D:2      | Learned a level 3 spell: Mephitic Cloud
  1567 | D:2      | Reached XP level 4. HP: 30/30 MP: 5/8
  1617 | D:2      | Reached skill level 4 in Unarmed Combat
  2154 | D:3      | Noticed inmateoo's ghost (weakling BaHu)
  2169 | D:3      | Killed inmateoo's ghost
  2564 | D:3      | Reached XP level 5. HP: 31/35 MP: 3/9
  2680 | D:3      | Found a sacrificial altar of Ru.
  2690 | D:3      | Reached skill level 5 in Unarmed Combat
  3571 | D:5      | Entered Level 5 of the Dungeon
  3574 | D:5      | Reached skill level 6 in Unarmed Combat
  3578 | D:5      | Noticed an ogre
  3588 | D:5      | Killed an ogre
  3588 | D:5      | Reached XP level 6. HP: 41/41 MP: 4/10
  3646 | D:5      | Reached skill level 7 in Unarmed Combat
  3753 | D:5      | Noticed a sky beast
  3770 | D:5      | Killed a sky beast
  3781 | D:5      | Reached XP level 7. HP: 46/46 MP: 7/11
  3788 | D:5      | Found a glowing drain.
  3809 | Sewer    | Entered a sewer
  3901 | Sewer    | Reached skill level 8 in Unarmed Combat
  3917 | Sewer    | Found a white marble altar of Elyvilon.
  4389 | D:5      | HP: 2/46 [gnoll sergeant/spear of freezing (6)]
  4392 | D:5      | Reached skill level 9 in Unarmed Combat
  4575 | D:6      | Found Poshreug's Food Emporium.
  4777 | D:6      | Found a hide-covered altar of Uskayaw.
  5191 | D:6      | Found a hazy altar of Hepliaklqana.
  5672 | D:7      | Noticed inmateoo's ghost (novice BaHu)
  5746 | D:7      | Found a glowing golden altar of the Shining One.
  5747 | D:7      | Noticed an angel
  5753 | D:7      | Found a basalt altar of Yredelemnul.
  5754 | D:7      | Noticed a profane servitor
  5801 | D:7      | Reached XP level 8. HP: 38/52 MP: 12/12
  6338 | D:7      | Reached skill level 10 in Unarmed Combat
  6537 | D:8      | Noticed a yak
  6539 | D:8      | Noticed a yak
  6540 | D:8      | Noticed a yak
  6540 | D:8      | Noticed a yak
  6568 | D:7      | Found a staircase to the Ecumenical Temple.
  6574 | Temple   | Entered the Ecumenical Temple
  6582 | Temple   | Became a worshipper of Cheibriados the Contemplative
  6654 | Temple   | Killed a yak
  6901 | D:8      | Reached skill level 1 in Fighting
  6945 | D:8      | Reached skill level 11 in Unarmed Combat
  6966 | D:8      | Noticed a yak
  6967 | D:8      | Noticed a yak
  6985 | D:7      | Killed a yak
  7034 | D:7      | Killed a yak
  7168 | D:8      | Noticed an ice devil
  7169 | D:8      | Noticed an ice devil
  7169 | D:8      | Noticed an ice devil
  7169 | D:8      | Noticed an ice devil
  7169 | D:8      | Noticed an ice statue
  7169 | D:8      | Noticed an ice devil
  7264 | D:8      | Reached XP level 9. HP: 63/63 MP: 13/13
  7313 | D:8      | Noticed a two-headed ogre
  7333 | D:8      | Killed a two-headed ogre
  7333 | D:8      | Reached skill level 12 in Unarmed Combat
  7333 | D:8      | Reached * piety under Cheibriados
  7582 | D:9      | Reached skill level 5 in Fighting
  8309 | D:10     | Entered Level 10 of the Dungeon
  8309 | D:10     | Noticed a gargoyle
  8319 | D:9      | Reached skill level 13 in Unarmed Combat
  8682 | D:10     | Killed a gargoyle
  8682 | D:10     | Reached skill level 1 in Armour
  8682 | D:10     | Reached XP level 10. HP: 17/77 MP: 10/14
  8778 | D:10     | Reached skill level 1 in Invocations
  8828 | D:10     | Reached ** piety under Cheibriados
  8889 | D:10     | Found Luups's Jewellery Shoppe.
  8899 | D:10     | Bought an uncursed ring of protection from magic for 375 gold pieces
  9120 | D:10     | Found a staircase to the Orcish Mines.
 10102 | D:10     | Noticed Joseph
 10198 | D:10     | Killed Joseph
 10221 | D:10     | Reached *** piety under Cheibriados
 10745 | D:11     | Noticed a two-headed ogre
 10769 | D:11     | Killed a two-headed ogre
 10769 | D:11     | Reached skill level 14 in Unarmed Combat
 10769 | D:11     | Reached XP level 11. HP: 86/86 MP: 15/15
 10923 | D:11     | Noticed a brown ugly thing
 10932 | D:11     | Killed a brown ugly thing
 11381 | D:11     | Noticed a five-headed hydra
 11583 | D:12     | Noticed a deep elf mage
 11606 | D:12     | Killed a deep elf mage
 11936 | D:13     | Noticed a two-headed ogre
 11950 | D:13     | Killed a two-headed ogre
 11993 | D:13     | Noticed a skeletal warrior
 11994 | D:13     | Noticed a skeletal warrior
 11996 | D:13     | Noticed a skeletal warrior
 11997 | D:13     | Noticed a skeletal warrior
 12007 | D:13     | Noticed a skeletal warrior
 12022 | D:12     | Mangled by a skeletal warrior

Skill      XL: |  1  2  3  4  5  6  7  8  9 10 11 |
---------------+----------------------------------+-----
Unarmed Combat | 1 2 3 4 6 7 9 11 13 14 | 14.9
Fighting       | 3 6 7 8 |  8.0
Armour         | 1 4 |  4.3
Invocations    | 3 4 |  4.5
Dodging        | 4 |  4.0
Stealth        | |  1.7
Spellcasting   | |  3.2
Conjurations   | |  1.1
Summonings     | |  1.2
Translocations | |  1.1

Action                   |  1- 3 |  4- 6 |  7- 9 | 10-12 || total
-------------------------+-------+-------+-------+-------++-------
Melee: Unarmed           |     9 |       |   144 |   245 ||   398
       Club              |    37 |       |       |       ||    37
       Hand axe          |    38 |    89 |   111 |       ||   238
       Punch             |       |     2 |     8 |    26 ||    36
 Cast: Magic Dart        |    32 |     9 |       |       ||    41
       Call Imp          |    12 |    45 |    82 |    22 ||   161
       Blink             |       |       |       |     6 ||     6
 Abil: Hop               |     2 |       |    11 |     6 ||    19
Evoke: Wand              |       |       |     5 |    11 ||    16
       Fan of gales      |       |       |       |     1 ||     1
  Use: Scroll            |    10 |    13 |     4 |     3 ||    30
       Potion            |       |       |     1 |     5 ||     6
 Stab: Distracted        |     1 |       |     7 |     1 ||     9
       Sleeping          |       |     2 |     1 |     1 ||     4
       Invisible         |       |       |       |     3 ||     3
  Eat: Chunk             |     3 |    10 |     8 |     5 ||    26
       Ration            |       |       |     3 |     1 ||     4
Armor: Robe              |    23 |    21 |    24 |       ||    68
       Steam dragon scal |       |       |    34 |    72 ||   106
       Skin              |       |       |       |     7 ||     7
Dodge: Dodged            |    84 |    59 |   173 |   153 ||   469
